 Dungeon Crawl Stone Soup version 0.20-a0-723-gf57855b (webtiles) character file.

32 smajdalf the Gusty (level 3, -1/19 HPs)
             Began as a Tengu Air Elementalist on Feb 22, 2017.
             Killed from afar by Sigmund (7 damage)
             ... with a puff of flame
             ... on level 2 of the Dungeon.
             The game lasted 00:02:42 (1937 turns).

smajdalf the Gusty (Tengu Air Elementalist)         Turns: 1937, Time: 00:02:42

Health: -1/19      AC:  2    Str:  9    XL:     3   Next: 27%
Magic:  7/7        EV: 12    Int: 15    God:
Gold:   62         SH:  0    Dex: 14    Spells: 5/6 levels left

rFire    . . .     SeeInvis .   w - +0 short sword
rCold    . . .     Gourm    .   e - +0 robe
rNeg     . . .     Faith    .   (no shield)
rPois    .         Spirit   .   (helmet restricted)
rElec    .         Reflect  .   (no cloak)
rCorr    .         Harm     .   (no gloves)
MR       .....                  (boots unavailable)
Stlth    ++........             (no amulet)
Regen    0.1/turn               (no ring)
MPRegen  0.1/turn               (no ring)

@: no status effects
A: beak, talons 3
a: no special abilities


You were on level 2 of the Dungeon.
You were not hungry.

You visited 1 branch of the dungeon, and saw 2 of its levels.

You collected 62 gold pieces.

Inventory:

Hand Weapons
 w - a +0 short sword (weapon)
Armour
 e - a +0 robe (worn)
Scrolls
 d - a scroll of amnesia {unknown}
 f - a scroll of identify {unknown}
Potions
 h - a potion of might {unknown}
Books
 b - a book of Air

   Spells                             Type                      Level
   a - Shock                          Conjuration/Air              1
   b - Swiftness                      Charms/Air                   2
   c - Static Discharge               Conjuration/Air              3
   d - Airstrike                      Air                          4
   e - Lightning Bolt                 Conjuration/Air              5
Comestibles
 a - 2 chunks of flesh
 c - a bread ration
 g - 3 fruits


   Skills:
 - Level 2.1 Dodging
 - Level 2.0 Stealth
 - Level 2.0 Spellcasting
 - Level 1.3 Conjurations
 + Level 5.7 Air Magic


You had 5 spell levels left.
You knew the following spells:

 Your Spells              Type           Power        Failure   Level  Hunger
a - Shock                 Conj/Air       ##..         6%          1    #......


Dungeon Overview and Level Annotations

Branches:
Dungeon (2/15)

Altars:
Cheibriados

Annotations:
D:2 Sigmund


Innate Abilities, Weirdness & Mutations

You have a beak for a mouth.
You have claws for feet.


Message History

Some of the chunks of flesh in your inventory have rotted away.
Found a snail-covered altar of Cheibriados.
Sigmund the Dreaded comes into view.
He is wielding a scythe.
Sigmund gestures at you while chanting.
You are confused.
There is a snail-covered altar of Cheibriados here.
You're too confused to move!
You bump into the crystal wall.
You feel less confused.
Sigmund mumbles some strange words.
Sigmund flickers and vanishes!
Deactivating autopickup; reactivate with Ctrl-A.
A magic dart appears from out of thin air!
The magic dart hits you!
A puff of flame appears from out of thin air!
The puff of flame hits you!
There is a stone staircase leading up here.
A puff of flame appears from out of thin air!
The puff of flame hits you!
You die...

<####..###......# #.###.##.#
.......# ####.### #.# #.##.#
######.# #.# #.###.##.# .....#.#
#.# #........# ####.#.# ##+##
#####.#### ####.#.# ##...## #.#
#......# ##.....## ##.#
#.#..#####.......## #..##
#....####.......@.####...#######
........+.........'............
#....####.).......####...####.###
#.#.## ##.......## #..#####....
#.### ##.....## #.##........ #.#
####...## #.##........ #.#
#......# #.##..##.##. #.#
#.###..# #..#..#...#.
#.#######.###..# #......._...


There were no monsters in sight!

Vanquished Creatures
  2 dart slugs (D:1)
  A leopard gecko (D:1)
  2 giant cockroaches
  5 goblins
  2 hobgoblins (D:1)
  A quokka (D:2)
  4 bats (D:1)
  4 frilled lizards
  2 kobolds
  5 rats (D:1)
28 creatures vanquished.

Notes
Turn   | Place    | Note
-------+----------+-------------------------------------------
     0 | D:1      | smajdalf the Tengu Air Elementalist began the quest for the Orb.
     0 | D:1      | Reached XP level 1. HP: 10/10 MP: 4/4
   290 | D:1      | Reached XP level 2. HP: 15/15 MP: 3/6
   489 | D:1      | Reached skill level 5 in Air Magic
  1366 | D:2      | Reached XP level 3. HP: 19/19 MP: 4/7
  1894 | D:2      | Found a snail-covered altar of Cheibriados.
  1904 | D:2      | Noticed Sigmund
  1937 | D:2      | Killed from afar by Sigmund

Vault maps used:
D:1:      lemuel_arrival_hallway
D:2:      nicolae_overflow_crystal_walls, uniq_robin, uniq_natasha, uniq_sigmund

Skill      XL: |  1  2 |
---------------+-------+-----
Air Magic      | 5 |  5.7
Dodging        | |  2.1
Stealth        | |  2.0
Spellcasting   | |  2.0
Conjurations   | |  1.3

Action                   || total
-------------------------++-------
Melee: Short sword       ||    22
       Peck              ||     5
       Kick              ||     5
 Cast: Shock             ||    36
 Stab: Sleeping          ||     4
  Eat: Chunk             ||     4
Armor: Robe              ||     7
Dodge: Dodged            ||    32
